 Dungeon Crawl Stone Soup version 0.20.1-1-g8b1a95d66d (webtiles) character file.

120 Brujo888 the Skirmisher (level 4, -5/37 HPs)
             Began as a Mummy Fighter on Nov 21, 2017.
             Slain by a gnoll
             ... wielding a +0 flail
              (7 damage)
             ... on level 3 of the Dungeon.
             The game lasted 00:04:21 (1597 turns).

Brujo888 the Skirmisher (Mummy Fighter)             Turns: 1597, Time: 00:04:22

Health: -5/37      AC: 10    Str: 20    XL:     4   Next: 75%
Magic:  4/4        EV:  5    Int:  7    God:
Gold:   98         SH:  9    Dex: 11    Spells: 3/3 levels left

rFire    x . .     SeeInvis .   a - +0 long sword
rCold    + . .     Gourm    .   c - +0 shield
rNeg     + + +     Faith    .   f - +0 chain mail
rPois    ∞         Spirit   .   m - +0 helmet
rElec    .         Reflect  .   (no cloak)
rCorr    .         Harm     .   (no gloves)
MR       .....                  (no boots)
Stlth    ..........             (no amulet)
Regen    0.2/turn               (no ring)
MPRegen  0.1/turn               (no ring)

@: no status effects
A: no food or potions, fire vulnerability, cold resistance 1, negative energy
resistance 3, torment resistance, unbreathing
a: no special abilities


You were on level 3 of the Dungeon.
You were not hungry.

You visited 1 branch of the dungeon, and saw 3 of its levels.

You collected 98 gold pieces.

Inventory:

Hand Weapons
 a - a +0 long sword (weapon)
Armour
 b - a +0 scale mail
 c - a +0 shield (worn)
 f - a +0 chain mail (worn)
 m - a +0 helmet (worn)
Wands
 n - a wand of paralysis (13/24)
Scrolls
 d - a scroll of remove curse
 e - a scroll of recharging {unknown}
 g - 2 scrolls of amnesia {unknown}
 h - a scroll of fog {unknown}
 i - 6 scrolls of teleportation {unknown}
 j - a scroll of identify {unknown}
 k - a scroll of immolation {unknown}
 l - a scroll of magic mapping {unknown}


   Skills:
 * Level 3.9 Fighting
 * Level 2.6 Long Blades
 + Level 2.9 Armour
 + Level 0.1 Dodging
 + Level 2.9 Shields


You had 3 spell levels left.
You didn't know any spells.

Dungeon Overview and Level Annotations

Branches:
Dungeon (3/15)

Altars:
Xom
Zin


Innate Abilities, Weirdness & Mutations

You do not eat or drink.
Your flesh is vulnerable to fire.
You are immune to poison.
Your flesh is cold resistant. (rC+)
You are immune to negative energy. (rN+++)
You are immune to unholy pain and torment.
You can survive without breathing.


Message History

The gnoll is lightly wounded.
You block the gnoll's attack. The gnoll hits you but does no damage.
You block the gnoll's attack.
You hit the gnoll but do no damage.
The gnoll is lightly wounded.
The gnoll hits you but does no damage. The gnoll barely misses you.
You hit the gnoll.
The gnoll is moderately wounded.
You block the gnoll's attack. The gnoll barely misses you. x2
A quokka comes into view.
You hit the quokka but do no damage.
The quokka bites you but does no damage.
The gnoll hits you with a flail.
* * * LOW HITPOINT WARNING * * *
The gnoll hits you from afar with a spear.
* * * LOW HITPOINT WARNING * * *
You hit the quokka.
You kill the quokka!
You block the gnoll's attack. The gnoll hits you with a flail!
You die...

.. #...#####...# ..... ...
#...##.....# ...... ....
##......##.#####...... ....#
#.....................
#...####........#.....#......
##.#.......#######.....†......
.?..........# #.......#.....
......).....####.#.....# ....
...#.##.)...#g@.....<..# ###
.#g. #......g.##..#....#
..............##..#......#
.#..........#.##.##...[###
#..........#... ####.#
#.........#####.# #.#
#...#.....# # .# #.....<....
.# ..........


You could see 2 gnolls.

Vanquished Creatures
  2 gnolls (D:3)
  4 adders (D:2)
  An ooze (D:2)
  2 worms
  2 dart slugs (D:1)
  6 leopard geckos
  9 bats
  5 goblins
  4 hobgoblins (D:1)
  2 quokkas
  2 frilled lizards
  3 kobolds (D:1)
  7 rats
49 creatures vanquished.

Notes
Turn   | Place    | Note
-------+----------+-------------------------------------------
     0 | D:1      | Brujo888 the Mummy Fighter began the quest for the Orb.
     0 | D:1      | Reached XP level 1. HP: 18/18 MP: 1/1
   255 | D:1      | Reached XP level 2. HP: 19/24 MP: 2/2
   651 | D:1      | Reached XP level 3. HP: 26/29 MP: 3/3
   884 | D:2      | Found a shimmering altar of Xom.
   884 | D:2      | Noticed an angel
   892 | D:2      | Found a glowing silver altar of Zin.
  1141 | D:2      | Reached XP level 4. HP: 34/37 MP: 4/4
  1597 | D:3      | Slain by a gnoll

Skill      XL: |  1  2  3 |
---------------+----------+-----
Long Blades    | 2 |  2.6
Fighting       | |  3.9
Armour         | |  2.9
Dodging        | |  0.1
Shields        | |  2.9

Action                   |  1- 3 |  4- 6 || total
-------------------------+-------+-------++-------
Melee: Long sword        |   131 |    65 ||   196
  Use: Scroll            |       |     1 ||     1
Armor: Scale mail        |    15 |       ||    15
       Chain mail        |    87 |    40 ||   127
Dodge: Dodged            |    37 |    26 ||    63
Block: Shield            |    68 |    57 ||   125
       Rpst.: Long sword |    10 |     4 ||    14
